Cogmind - Beta 16 @@@ ROGUE MODE // 2025.11.01 @ 23:08:15 Player: Darcyisverycute Result: Destroyed by P-60 Hacker with Shock Rifle Performance ------------- Evolutions (3) 1500 Regions Visited (9) 1800 Robots Destroyed (277) 1385 Value Destroyed (9707) 9707 Prototype IDs (19) 380 Alien Tech Used (0) 0 Bonus (3605) 3605 TOTAL SCORE: 18377 Bonus ------- High Alert Combat Kills 1255 Follower Combat Kills 450 Entered Garrisons 400 Used RIF Installer 1500 Cogmind --------- Core Integrity 0/700 Matter 60/300 Energy 160/160 System Corruption 23% Temperature Cool (0) Movement Core (750) Ox14 Location -7/Factory Parts ------- > --- POWER (1) -------- Light Nuclear Core > --- PROPULSION (5) --- (None) > --- UTILITY (4) ------ High-capacity Storage Unit Core Analyzer Relay Coupler [NC] (19) > --- WEAPON (3) ------- (None) > --- INVENTORY (20) --- Aerolev Unit Aerolev Unit Aerolev Unit Improved Sensor Array Improved Signal Interpreter Advanced Terrain Scan Processor Improved Light Armor Plating Authchip [R/Combat] Relay Coupler [Grunt] (22) Relay Coupler [Grunt] (21) Relay Coupler [Hunter] (11) Shock Rifle Gatling Laser Coil Gun Gauss Cannon Gauss Cannon Gauss Cannon Improved Remote Datajack Power Sword Peak State ------------ > --- POWER ------------ Micro Nuclear Core > --- PROPULSION ------- Advanced Treads Armored Huge Wheel Armored Huge Wheel > --- UTILITY ---------- High-capacity Storage Unit Advanced Targeting Computer Improved Target Analyzer Relay Coupler [Grunt] > --- WEAPON ----------- Coil Gun Coil Gun Power Sword > --- INVENTORY -------- Light Nuclear Core VTOL Module Improved Heat Sink Improved Light Armor Plating Improved Light Armor Plating Improved Light Armor Plating Authchip [R/NC] Authchip [R/Combat] Authchip [R/Combat] Authchip [R/Combat] Relay Coupler [NC] Relay Coupler [Grunt] Shock Rifle Gatling Laser Autogun Coil Gun Coil Gun Rocket Array Rocket Array Improved Remote Datajack [Rating: 57] Favorites ----------- Power Light Nuclear Core Engine Heavy Ion Engine Power Core Light Nuclear Core Propulsion Light Treads Treads Light Treads Leg Aluminum Leg Wheel Wheel Hover Unit Improved Airjet Flight Unit Improved Cesium-ion Thruster Utility Huge Storage Unit Device Cryofiber Web Storage Huge Storage Unit Processor Advanced Targeting Computer Hackware Relay Coupler [NC] Protection Light Armor Plating Weapon EM Pulse Cannon Energy Gun Shock Rifle Energy Cannon EM Pulse Cannon Ballistic Gun Coil Gun Ballistic Cannon Light Cannon Launcher Improved Grenade Launcher Special Weapon Remote Datajack Impact Weapon Impact Mace Slashing Weapon Power Sword Piercing Weapon Spear Special Melee Weapon Improved Datajack Build | -11 -10 -10 -9 -8 -8 -8 -7 -7 -7 ------- Run | Yrd Mat Min Mat Mat Gar Mat Fac Gar Fac Slots Evolved 6 | . . . 2 2 . . 2 . . Power . | . . . . . . . . . . Propulsion 3 | . . . 1 . . . 2 . . Utility 2 | . . . . 2 . . . . . Weapon 1 | . . . 1 . . . . . . Parts Attached 164 | 7 9 4 21 31 9 10 34 22 17 Power 14 | 1 2 . 2 3 1 . 1 3 1 Engine 6 | 1 1 . 2 1 1 . . . . Core 8 | . 1 . . 2 . . 1 3 1 Reactor . | . . . . . . . . . . Propulsion 46 | 2 1 3 3 10 2 . 13 6 6 Treads 19 | 2 . 2 3 6 1 . . 1 4 Leg 1 | . . . . . 1 . . . . Wheel 6 | . 1 1 . . . . . 2 2 Hover 10 | . . . . 1 . . 7 2 . Flight 10 | . . . . 3 . . 6 1 . Utility 47 | 2 3 . 5 5 4 6 11 4 7 Device 11 | 1 2 . 4 . . . 3 . 1 Storage 6 | 1 1 . 1 1 . . 1 1 . Processor 6 | . . . . 1 1 . 1 1 2 Hackware 16 | . . . . . 2 5 3 2 4 Protection 8 | . . . . 3 1 1 3 . . Artifact . | . . . . . . . . . . Weapon 57 | 2 3 1 11 13 2 4 9 9 3 Energy Gun 14 | 2 1 . 3 3 1 1 . 3 . Energy Cannon 5 | . 1 . 1 3 . . . . . Ballistic Gun 17 | . . . 4 3 . 2 3 3 2 Ballistic Cannon 3 | . 1 . . . . . . 1 1 Launcher 8 | . . 1 2 2 . 1 2 . . Special Weapon 3 | . . . . . . . 2 1 . Impact Weapon 3 | . . . 1 1 . . 1 . . Slashing Weapon 2 | . . . . 1 . . . 1 . Piercing Weapon 1 | . . . . . . . 1 . . Special Melee Weapon 1 | . . . . . 1 . . . . Unidentified Prototypes 11 | . . . 1 8 . 2 . . . Parts Lost 49 | . 1 2 8 7 3 3 4 11 10 Power 5 | . . . 2 1 . . . 2 . Propulsion 23 | . 1 2 2 3 2 1 2 5 5 Utility 6 | . . . 1 1 1 . 2 . 1 Weapon 15 | . . . 3 2 . 2 . 4 4 Highest Loss Streak 7 | . 1 1 2 5 1 3 1 5 7 To Critical Strikes . | . . . . . . . . . . Average Backups 17 | 3 8 13 23 24 24 24 10 11 18 Power . | . . . . . 1 1 . . . Propulsion 3 | 1 1 4 3 3 5 5 1 . 3 Utility 7 | 1 4 5 8 9 10 9 4 3 5 Weapon 6 | . . 2 9 9 7 7 3 6 9 Tool/Special . | . . . . . . . . . . Unused Backups 56 | . 2 . 5 5 5 1 6 8 24 Power 2 | . . . . 1 . . . . 1 Propulsion 10 | . 1 . . . . . 1 2 6 Utility 21 | . 1 . 2 1 4 . 2 1 10 Weapon 20 | . . . 3 2 1 1 3 3 7 Tool/Special 3 | . . . . 1 . . . 2 . Average Slot Usage (%) 95 | . 99 99 93 98 98 93 97 82 82 Engine 4 | . 6 . 7 4 7 9 . . . Core 5 | . 7 14 1 4 1 . 6 5 7 Treads 17 | . 26 14 21 26 20 18 . 2 7 Leg 1 | . . . . . 6 6 . . . Wheel 4 | . 1 13 9 . . . . 2 14 Hover 1 | . . . . . . . 6 16 . Flight 3 | . . . . . . . 30 1 . Device 8 | . 14 14 9 17 2 . 5 . 1 Storage 9 | . 14 14 11 9 9 9 7 7 7 Processor 5 | . . . . 1 9 10 7 14 14 Hackware 3 | . . . . . 3 12 7 6 5 Protection 2 | . . . . 7 11 . 1 1 . Energy Gun 6 | . 13 . 9 5 2 15 1 4 . Energy Cannon 6 | . 8 13 11 8 10 . . . . Ballistic Gun 6 | . . . 5 11 6 1 4 10 15 Ballistic Cannon 2 | . 5 14 4 . . . . 3 . Impact Weapon 1 | . . . . 1 3 1 3 . . Peak Build Rating 57 | 9 12 13 20 35 36 37 54 55 57 Average Rating 29 | 7 10 12 16 26 33 32 49 47 52 On Entrance 25 | . 9 12 13 17 35 36 30 48 55 Avg Prop Armor Cover (%) 8 | . 11 10 14 . 3 4 8 6 8 Naked Turns . | . . . . . . . . . . Heaviest Build 113 | 11 92 93 97 110 113 103 34 59 64 Greatest Support 63 | 40 40 40 63 63 60 40 45 56 60 Greatest Overweight (x) 9 | . 9 9 9 2 5 2 9 8 2 Average Overweight (x) 1 | . . 8 7 1 1 2 . . 1 Largest Inventory Capacity 25 | 8 25 25 25 25 25 25 25 20 20 Average Capacity 20 | 7 12 25 25 25 25 25 10 11 20 Most Carried 25 | 6 13 15 25 25 25 25 25 20 20 Average Carried 17 | 3 8 13 23 24 24 24 9 11 18 Final Capacity 25 | 8 25 25 25 25 25 25 10 20 20 Final Carried 25 | 6 13 15 23 25 25 24 10 20 19 Class Distribution -------------------- 35% | Mutant 18% | Gunner 8% | Bothacker-Mutant 7% | Sprinter 6% | Tank 6% | Scavenger-Mutant 5% | Scavenger-Gunner 3% | Scavenger-Tank 3% | Bothacker-Gunner Dominant Class ---------------- Mutant | -10/Materials Mutant | -10/Mines Gunner | -9/Materials Tank | -8/Materials Bothacker-Mutant | -8/Garrison Bothacker-Mutant | -8/Materials Sprinter | -7/Factory Scavenger-Gunner | -7/Garrison Scavenger-Gunner | -7/Factory Resources | -11 -10 -10 -9 -8 -8 -8 -7 -7 -7 ----------- Run | Yrd Mat Min Mat Mat Gar Mat Fac Gar Fac Matter Collected 6082 | 270 297 199 646 798 517 496 844 901 1114 Remotely . | . . . . . . . . . . Salvage Created 10089 | 180 699 416 1953 2296 448 837 666 842 1752 Parts 543 | 11 35 33 114 97 25 37 35 38 118 Haulers Intercepted 12 | . 2 . 3 4 . 1 1 . 1 Recyclers Shooed 8 | . 1 . 2 1 . 1 1 . 2 Parts Field Recycled . | . . . . . . . . . . Retrieved Matter . | . . . . . . . . . . Parts Self-Destructed . | . . . . . . . . . . Prevented . | . . . . . . . . . . Parts Restored . | . . . . . . . . . . Kills | -11 -10 -10 -9 -8 -8 -8 -7 -7 -7 ------- Run | Yrd Mat Min Mat Mat Gar Mat Fac Gar Fac Combat Hostiles Destroyed 196 | . 16 14 33 38 16 18 12 14 35 Melee 6 | . . . . . . . 4 1 1 Guns 68 | . 11 . 13 12 . 7 2 4 19 Cannons 48 | . 5 8 11 10 6 . . 8 . AOE 68 | . . 4 7 15 10 10 6 1 15 Classes Destroyed 18 | 2 6 1 2 1 1 3 2 . . Worker 14 | . 1 . . 1 . 1 4 . 7 Builder 22 | . . 2 5 1 . 1 4 . 9 Tunneler 8 | 4 . 1 . . . . 3 . . Hauler 12 | . 2 . 3 4 . 1 1 . 1 Recycler 16 | 1 . . 6 3 . 1 2 . 3 Mechanic 1 | . . . . 1 . . . . . Operator 2 | . 2 . . . . . . . . Watcher 6 | . 2 . 1 1 . 1 . . 1 Swarmer 42 | . 6 6 7 4 5 1 1 4 8 Grunt 95 | . 10 8 16 27 9 8 5 2 10 Brawler 4 | . . . 2 . . 2 . . . Duelist 3 | . . . . . . 3 . . . Protector 3 | . . . . . . 2 . . 1 Sentry 26 | . . . 8 7 1 1 . 3 6 Demolisher 1 | . . . . . . 1 . . . Specialist 2 | . . . . . 1 . . . 1 Hunter 6 | . . . . . . . 2 . 4 Programmer 14 | . . . . . . . 4 5 5 Best Kill Streak 14 | 2 4 6 6 9 6 8 5 5 14 Combat Bots Only 9 | . 4 5 4 8 6 6 3 5 9 Max Kills in Single Turn 5 | 1 1 2 5 5 3 4 2 1 5 Gunslinging . | . . . . . . . . . . Exploded 5 | . . 2 4 3 3 3 1 1 5 Melee 1 | . . . . . . . 1 1 1 Uniques/NPCs Destroyed . | . . . . . . . . . . Combat | -11 -10 -10 -9 -8 -8 -8 -7 -7 -7 -------- Run | Yrd Mat Min Mat Mat Gar Mat Fac Gar Fac Hostile Shots Fired 992 | . 67 46 112 148 50 38 141 132 258 Missed 316 | . 16 11 31 49 18 11 47 45 88 Hits 676 | . 51 35 81 99 32 27 94 87 170 Melee 6 | . . . 4 2 . . . . . Projectile 670 | . 51 35 77 97 32 27 94 87 170 Critical Strikes 28 | . 1 1 4 5 1 2 7 2 5 Part Disruptions 1 | . . . . . . . . 1 . Damage Taken 10045 | . 573 420 1170 1682 481 826 1348 1260 2285 Core 1448 | . 93 78 219 125 57 171 181 178 346 Absorbed by Shields . | . . . . . . . . . . Ignored by Resistances 102 | . . . . 102 . . . . . Regen/Repaired (Parts) 106 | . . . . . . . 106 . . Core Remaining (%) 52 | 100 . 31 45 . . 35 . . . Volleys Fired 498 | 11 64 33 81 83 36 28 35 61 66 Largest 3 | 2 2 2 3 3 3 3 3 3 3 Hottest 176 | 80 110 90 150 176 151 138 84 165 100 Shots Fired 1122 | 22 127 63 214 223 72 62 60 118 161 Gun 728 | 22 93 . 110 160 30 47 45 79 142 Cannon 326 | . 34 60 101 58 30 4 . 35 4 Launcher 52 | . . 3 3 5 12 11 10 . 8 Special 16 | . . . . . . . 5 4 7 Kinetic 501 | . 8 30 72 81 20 20 38 86 146 Thermal 253 | 22 119 30 72 . . 10 . . . Explosive 52 | . . 3 3 5 12 11 10 . 8 Electromagnetic 300 | . . . 67 137 40 21 7 28 . Robot Hit Streak 36 | 6 12 4 25 25 36 19 23 17 14 Robot Miss Streak 7 | 2 7 4 5 4 4 1 2 3 6 Penetration Max 1 | . . . . . . . . 1 1 Secondary Targets 6 | . 1 . . . . 1 . 1 3 Max Gunslinging Chain 1 | . 1 . . . . 1 . 1 1 Shots Hit Robots 775 | 15 74 27 129 151 42 57 79 95 106 Core Hits 492 | 6 36 20 58 94 24 49 35 31 139 Critical Kills 5 | . . 2 2 . . . . . 1 Critical Parts Destroyed 10 | . . . . 1 . . 6 2 1 Critical Strikes 29 | . 2 2 4 4 . 1 6 7 3 Burn 3 | . 2 . . . . 1 . . . Meltdown 4 | . . 2 2 . . . . . . Destroy 6 | . . . . 1 . . 1 2 2 Blast 1 | . . . . . . . . 1 . Corrupt 6 | . . . 2 3 . . . 1 . Smash 5 | . . . . . . . 5 . . Sever 4 | . . . . . . . . 3 1 Melee Attacks 226 | . . . 1 9 51 16 92 23 34 Impact 109 | . . . 1 7 44 . 57 . . Slashing 58 | . . . . 2 . . . 22 34 Piercing 25 | . . . . . . . 24 1 . Sneak Attacks 41 | . . . 1 . 4 10 18 . 8 Combat Hostiles 3 | . . . . . . . 3 . . Follow-up Attacks 1 | . . . . . . . 1 . . Damage Inflicted 24670 | 161 978 804 2718 4254 1690 2034 3889 3082 5060 Guns 8383 | 161 659 . 1043 1583 272 663 804 1101 2097 Cannons 4405 | . 319 478 1183 1228 400 71 . 698 28 Explosions 7763 | . . 326 418 1421 1018 1291 859 198 2232 Melee 4060 | . . . 50 . . . 2226 1081 703 Ramming 59 | . . . 24 22 . 9 . 4 . Kinetic 6426 | . 53 196 659 706 175 273 740 1499 2125 Thermal 3527 | 161 925 282 932 739 102 113 . 198 75 Explosive 6586 | . . 326 355 682 916 1291 859 . 2157 Electromagnetic 4012 | . . . 698 2105 497 348 64 300 . Impact 1821 | . . . 50 . . . 1771 . . Slashing 1784 | . . . . . . . . 1081 703 Piercing 455 | . . . . . . . 455 . . Highest Corruption 22 | . . . 6 1 1 1 10 17 22 Average Corruption 5 | . . . 5 1 1 1 4 16 18 Corruption Purged . | . . . . . . . . . . Corruption Blocked . | . . . . . . . . . . Effects 186 | . . . 45 14 12 6 16 33 60 Message Errors 44 | . . . 11 4 2 1 5 5 16 Matter Fused 41 | . . . 11 1 3 2 2 7 15 Heat Flow Errors 18 | . . . 1 2 1 1 2 6 5 Energy Discharges 25 | . . . 5 2 1 1 2 6 8 Parts Rejected 3 | . . . . . . . . . 3 Parts Fused 3 | . . . 1 2 . . . . . Data Loss (minor) 21 | . . . 6 2 1 1 2 4 5 Data Loss (major) 9 | . . . 4 . 1 . 1 2 1 Misfires 12 | . . . 3 . 3 . 1 3 2 Alerts 3 | . . . 2 1 . . . . . Misdirections 1 | . . . . . . . . . 1 Weapon Failures 6 | . . . 1 . . . 1 . 4 Overload Shots . | . . . . . . . . . . Overflow Damage 1810 | . . 41 20 69 25 3 1316 50 286 Projectiles 56 | . . . . 6 . . . 50 . Explosions 207 | . . 41 . 63 25 3 . . 75 Melee 1547 | . . . 20 . . . 1316 . 211 Knockbacks 14 | . . 1 3 . . . 3 7 . Impact 4 | . . . 1 . . . 3 . . Kinetic 10 | . . 1 2 . . . . 7 . Secondary . | . . . . . . . . . . Self-Inflicted Damage 484 | . . . 6 205 . 56 . 36 181 Shots 18 | . . . . 6 . 1 . 1 10 Rammed 9 | . . . 2 4 . 1 . 2 . Targets Rammed 10 | . . . 3 4 . 1 . 2 . Kicked . | . . . . . . . . . . Crushed 1 | . . . 1 . . . . . . Highest Temperature 431 | 90 243 35 367 240 431 278 273 395 248 Average Temperature 71 | 32 67 17 95 80 147 109 45 99 62 Received Heat Transfer 2646 | . 213 192 447 837 171 144 114 195 333 Effects 6 | . . . 1 1 1 . . 3 . Shutdowns 1 | . . . . . 1 . . . . Energy Bleed 3 | . . . 1 1 . . . 1 . Interference 2 | . . . . . . . . 2 . Siege Activations . | . . . . . . . . . . Martial Activations . | . . . . . . . . . . Shielding Activations . | . . . . . . . . . . Robots Disrupted . | . . . . . . . . . . Combat Hostiles . | . . . . . . . . . . Robots Corrupted 5 | . . . . 2 . 1 2 . . Combat Hostiles 2 | . . . . 1 . 1 . . . Parts Fried 25 | . . . . 10 1 3 11 . . Impact Corruptions 29 | . . . 1 . . . 28 . . Robots Melted 4 | . . 2 2 . . . . . . Combat Hostiles 4 | . . 2 2 . . . . . . Parts Melted 22 | 2 5 5 6 . . 2 . 2 . Heat Transferred 6502 | 375 2380 592 1691 700 150 314 . 250 50 Parts Sabotaged . | . . . . . . . . . . Parts Stolen . | . . . . . . . . . . Parts Stripped . | . . . . . . . . . . Power Chain Reactions 11 | . . . 1 7 1 . . 2 . Alert | -11 -10 -10 -9 -8 -8 -8 -7 -7 -7 ------- Run | Yrd Mat Min Mat Mat Gar Mat Fac Gar Fac Maximum Alert Level 4 | . . . 2 3 4 3 2 2 3 Low Security (%) 32 | 100 100 100 25 20 . . 22 . . Level 1 31 | . . . 70 50 . 8 51 28 56 Level 2 21 | . . . 4 28 23 30 26 71 42 Level 3 12 | . . . . 1 55 61 . . 1 Level 4 2 | . . . . . 20 . . . . Level 5 . | . . . . . . . . . . High Security . | . . . . . . . . . . Max Security . | . . . . . . . . . . Peak Influence 1323 | 10 165 144 427 723 1323 933 455 665 895 Initial 644 | . . 13 16 176 468 644 165 299 348 Average 375 | . 68 40 250 338 934 743 275 499 423 Influence Increases 8158 | 25 487 380 1067 1245 905 751 1463 536 1299 Destroy 0b10 Robot/C 4160 | . 320 280 660 760 400 420 320 300 700 Destroy 0b10 Robot/NC 445 | 25 35 15 75 55 . 45 70 15 110 Destroy Leader 900 | . 78 60 178 180 20 98 82 30 174 Allied During Kill 131 | . . . . . 11 95 17 5 3 Successful Hack 280 | . 7 . 42 36 6 14 123 . 52 Disable Machine 345 | . . . 60 45 . 15 105 . 120 Anti-Garrison Action 450 | . . . . . 350 . . 100 . Destroy Structure 592 | . 2 25 22 94 118 49 116 41 125 Partial Spotted 195 | . . . . . . . 195 . . Lose Combat Pursuer 660 | . 45 . 30 75 . 15 435 45 15 Influence Decreases 7283 | 25 452 371 693 942 303 1708 1401 299 1089 Entered New Map 1871 | . . 22 28 242 253 679 201 129 317 Time Decay 3474 | 25 442 339 585 630 . 474 497 . 482 Search Patrol Dispatched 200 | . . . . . . . 200 . . Lost Part 480 | . 10 10 80 70 30 30 40 110 100 Lost Ally 383 | . . . . . 20 100 163 60 40 Purge Threat 875 | . . . . . . 425 300 . 150 Squads Dispatched 47 | . 2 . 4 9 . 7 16 . 9 Investigation 8 | . 1 . . 2 . 1 4 . . Extermination 7 | . . . . . . . 4 . 3 Reinforcement 19 | . 1 . 4 3 . 3 5 . 3 Assault 4 | . . . . 1 . 3 . . . Garrison 9 | . . . . 3 . . 3 . 3 Intercept . | . . . . . . . . . . Searches Triggered 2 | . . . . . . . 2 . . Construction Impeded 3 | . . . . 1 . 1 1 . . Haulers Reinforced 1 | . . . . . . . 1 . . Active Scanning Responses . | . . . . . . . . . . Cargo Convoy Interrupts 2 | . . . . . . . 1 . 1 Stealth | -11 -10 -10 -9 -8 -8 -8 -7 -7 -7 --------- Run | Yrd Mat Min Mat Mat Gar Mat Fac Gar Fac Distress Signals 21 | . 1 . 5 6 . 4 4 . 1 Communications Jammed 20 | . . . . . . . . . 20 Distress Signals 20 | . . . . . . . . . 20 Times Spotted 345 | . 24 14 52 60 21 33 71 20 50 Peak Tracking Total 12 | . 4 4 5 8 6 7 12 4 7 Tactical Retreats 33 | . 2 . 2 5 . 1 19 3 1 ECM-based Alert Blocks 12 | . . . . . . . 12 . . Traps | -11 -10 -10 -9 -8 -8 -8 -7 -7 -7 ------- Run | Yrd Mat Min Mat Mat Gar Mat Fac Gar Fac Traps Triggered 17 | . 3 . . 1 5 . 5 . 3 Indirectly . | . . . . . . . . . . Trap Hack Attempts . | . . . . . . . . . . Triggered . | . . . . . . . . . . Disarmed . | . . . . . . . . . . Reprogrammed . | . . . . . . . . . . Reused . | . . . . . . . . . . Traps Extracted . | . . . . . . . . . . Installed . | . . . . . . . . . . Triggered . | . . . . . . . . . . Machines | -11 -10 -10 -9 -8 -8 -8 -7 -7 -7 ---------- Run | Yrd Mat Min Mat Mat Gar Mat Fac Gar Fac Machines Disabled 30 | . . . 4 3 4 1 7 3 8 Max in Single Turn 4 | . . . 1 2 1 . 4 1 2 Garrison Access 5 | . . . . . . 1 2 . 2 Garrison Relay 6 | . . . . . 4 . . 2 . Machines Repaired . | . . . . . . . . . . Machines Dismantled . | . . . . . . . . . . Machines Sabotaged . | . . . . . . . . . . Overloaded Fab Kills . | . . . . . . . . . . Hacking | -11 -10 -10 -9 -8 -8 -8 -7 -7 -7 --------- Run | Yrd Mat Min Mat Mat Gar Mat Fac Gar Fac Machines Accessed 67 | . 8 . 6 9 2 8 23 1 10 Terminals 41 | . 7 . 5 4 2 7 11 1 4 Fabricators 5 | . . . . . . . 3 . 2 Repair Stations 4 | . . . . 2 . . 2 . . Recycling Units 4 | . 1 . . . . . 2 . 1 Scanalyzers 6 | . . . 1 2 . 1 2 . . Garrison Access 7 | . . . . 1 . . 3 . 3 Total Hacks 189 | . 23 . 19 39 5 26 55 1 21 Successful 107 | . 7 . 13 27 1 20 29 . 10 Failed 82 | . 16 . 6 12 4 6 26 1 11 Catastrophic 15 | . 2 . . 1 . 1 4 1 6 Database Lockouts . | . . . . . . . . . . Manual 115 | . 23 . 15 16 . 18 30 . 13 Terminals 121 | . 21 . 17 17 5 21 30 1 9 Fabricators 9 | . . . . . . . 6 . 3 Repair Stations 12 | . . . . 5 . . 7 . . Recycling Units 8 | . 2 . . . . . 4 . 2 Scanalyzers 25 | . . . 2 15 . 5 3 . . Garrison Access 14 | . . . . 2 . . 5 . 7 Terminal Hacks 21 | . 1 . 5 2 1 5 4 . 3 Part Schematic 1 | . . . 1 . . . . . . Robot Schematic 3 | . . . 2 . . . . . 1 Robot Analysis 3 | . 1 . 1 . . 1 . . . Prototype ID Bank 3 | . . . 1 1 . 1 . . . Open Door 1 | . . . . . 1 . . . . Open DSF 1 | . . . . . . . 1 . . Branch Access Points 2 | . . . . . . 1 . . 1 Unreport Threat 2 | . . . . . . 1 1 . . Locate Traps 2 | . . . . . . 1 . . 1 Hauler Manifests 1 | . . . . . . . 1 . . Zone Layout 2 | . . . . 1 . . 1 . . Fabricator Hacks 6 | . . . . . . . 4 . 2 Load Schematic 3 | . . . . . . . 2 . 1 Build 3 | . . . . . . . 2 . 1 Repair Station Hacks 5 | . . . . 2 . . 3 . . Scan Component 4 | . . . . 2 . . 2 . . Repair 1 | . . . . . . . 1 . . Recycling Unit Hacks . | . . . . . . . . . . Scanalyzer 22 | . . . 1 15 . 5 1 . . Insert Component 5 | . . . . 3 . 2 . . . Analyze 4 | . . . . 3 . 1 . . . Retrieve Study 13 | . . . 1 9 . 2 1 . . Garrison Access Hacks 7 | . . . . 1 . . 3 . 3 Unlock Access 3 | . . . . 1 . . 1 . 1 Seal Access 4 | . . . . . . . 2 . 2 Unauthorized Hacks 46 | . 6 . 7 7 . 10 14 . 2 Terminals 42 | . 6 . 7 6 . 10 12 . 1 Assimilate 4 | . . . 1 . . . 3 . . Botnet 14 | . 1 . 1 3 . 4 4 . 1 Disrupt 2 | . 1 . . . . . 1 . . Operators 2 | . . . 1 . . 1 . . . Skim 20 | . 4 . 4 3 . 5 4 . . Fabricators . | . . . . . . . . . . Repair Stations 1 | . . . . . . . 1 . . Mechanics 1 | . . . . . . . 1 . . Recycling Units 2 | . . . . . . . 1 . 1 Mask 2 | . . . . . . . 1 . 1 Scanalyzers . | . . . . . . . . . . Garrison Access 1 | . . . . 1 . . . . . Reprogram 1 | . . . . 1 . . . . . Data Cores Recovered 1 | . 1 . . . . . . . . Used . | . . . . . . . . . . Hacking Detections 62 | . 8 . 5 8 1 8 22 1 9 Full Trace Events 6 | . 1 . . 1 1 . 3 . . Feedback Events . | . . . . . . . . . . Feedback Blocked . | . . . . . . . . . . Robot Schematics Acquired 3 | . . . 2 . . . . . 1 Robots Built 2 | . . . . . . . 2 . . Authchips 1 | . . . . . . . . . 1 Time 243 | . . . . . . . 162 . 81 Total Robot Build Rating 2 | . . . . . . . 2 . . Part Schematics Acquired 5 | . . . 1 3 . 1 . . . Parts Built . | . . . . . . . . . . Authchips . | . . . . . . . . . . Time . | . . . . . . . . . . Total Part Build Rating . | . . . . . . . . . . Part Studies Acquired 13 | . . . 1 9 . 2 1 . . Parts Repaired 1 | . . . . . . . 1 . . Time 70 | . . . . . . . 70 . . Parts Recycled . | . . . . . . . . . . Recycled Matter . | . . . . . . . . . . Retrieved Matter . | . . . . . . . . . . Retrieved Components . | . . . . . . . . . . Parts Scanalyzed 4 | . . . . 3 . 1 . . . Part Schematics Acquired 4 | . . . . 3 . 1 . . . Parts Damaged . | . . . . . . . . . . Bothacking | -11 -10 -10 -9 -8 -8 -8 -7 -7 -7 ------------ Run | Yrd Mat Min Mat Mat Gar Mat Fac Gar Fac Used RIF Installer 3 | . . . . . 1 . . 2 . Signal Jammer 1 | . . . . . . . . 1 . Patrol Navigation 1 | . . . . . . . . 1 . Robots Hacked 27 | . . . . . 2 11 6 3 5 Non-combat 16 | . . . . . . 8 4 . 4 Combat 11 | . . . . . 2 3 2 3 1 Robot Hacks Applied 35 | . . . . . 2 15 8 3 7 parse_system 2 | . . . . . . 2 . . . no_distress 1 | . . . . . . . . . 1 generate_echo 1 | . . . . . . . 1 . . map_walls 2 | . . . . . . 2 . . . drop_inventory 3 | . . . . . . 1 1 . 1 purge_threat 4 | . . . . . . 2 1 . 1 block_reporting 3 | . . . . . . . 2 . 1 map_route 1 | . . . . . . 1 . . . mark_security 1 | . . . . . . 1 . . . streamctrl_high 2 | . . . . . 1 . . 1 . formatsys_low 6 | . . . . . . 3 1 . 2 formatsys_high 9 | . . . . . 1 3 2 2 1 Relay Couplers Released 29 | . . . . . 15 1 3 6 4 Machine Destruction 29 | . . . . . 15 1 3 6 4 Attached 14 | . . . . . 1 5 3 2 3 Fabnet Peak Effective % . | . . . . . . . . . . Robots Rewired 4 | . . . . . 3 . 1 . . Allies Hacked . | . . . . . . . . . . Hacks Repelled . | . . . . . . . . . . Allies | -11 -10 -10 -9 -8 -8 -8 -7 -7 -7 -------- Run | Yrd Mat Min Mat Mat Gar Mat Fac Gar Fac Total Allies 26 | . . . . . 5 6 9 3 3 Largest Group 5 | . . . . . 4 4 5 2 1 Highest-Rated Group 121 | . . . . . 109 116 121 32 26 Highest-Rated Ally 32 | . . . . . 31 31 32 20 26 Total Orders 7 | . . . . . 4 . 3 . . STAY 1 | . . . . . . . 1 . . FOLLOW 2 | . . . . . 1 . 1 . . AID 4 | . . . . . 3 . 1 . . Ally Attacks 131 | . . . . . 23 71 21 8 8 Total Damage 2071 | . . . . . 261 954 600 147 109 Kills 17 | . . . . . 4 7 4 1 1 Allies Corrupted 2 | . . . . . . 1 1 . . Allies Melted 1 | . . . . . . . . 1 . Intel | -11 -10 -10 -9 -8 -8 -8 -7 -7 -7 ------- Run | Yrd Mat Min Mat Mat Gar Mat Fac Gar Fac Active Infowar (turns) 2560 | 129 589 . 208 591 . . 803 . 240 Terrain 1072 | 129 589 . . 354 . . . . . Structural 507 | . . . . . . . 267 . 240 Seismic 840 | . . . 208 237 . . 395 . . Jamming 75 | . . . . . . . 75 . . ECM 66 | . . . . . . . 66 . . Robot Analysis Total 3 | . 1 . 1 . . 1 . . . Derelict Logs Recovered 2 | . . 2 . . . . . . . Drone Launches . | . . . . . . . . . . Drone Recoveries . | . . . . . . . . . . Exploration | -11 -10 -10 -9 -8 -8 -8 -7 -7 -7 ------------- Run | Yrd Mat Min Mat Mat Gar Mat Fac Gar Fac Turns Passed 13235 | 217 1674 1203 1841 2193 1507 1200 1376 775 1249 Spaces Moved 7935 | 106 744 498 647 842 522 428 2966 476 706 Core 14 | 2 . . . . . . 1 11 . Treads 2743 | 104 672 14 143 842 522 428 . 4 14 Legs . | . . . . . . . . . . Wheels 1868 | . 72 484 504 . . . . 116 692 Hover 697 | . . . . . . . 352 345 . Flight 2613 | . . . . . . . 2613 . . Fastest Speed 23 | 50 160 215 200 200 203 245 23 43 105 Average Speed 126 | 157 171 217 223 207 234 245 26 90 116 Slowest Speed 500 | 160 320 320 280 240 370 245 500 450 240 Overloaded Moves . | . . . . . . . . . . Propulsion Burnouts . | . . . . . . . . . . Robots Hopped 8 | . . . . . . . 8 . . Potential Cave-ins . | . . . . . . . . . . Cave-ins Triggered . | . . . . . . . . . . Exploration Rate (%) 59 | 9 93 94 63 74 70 49 66 43 32 Regions Visited 9 Branch Regions 1 Pre-discovered Areas 3 | . . 1 . . . 2 . . . Known Exits Taken 3 | . . . . 1 . 1 1 . . Unknown Exits Taken 4 | 1 1 1 1 . . . . . . Scrap Searched 1 | . . 1 . . . . . . . Spaces Dug 161 | . . . 6 9 31 . 44 . 71 Terrain Destroyed 634 | . . 36 15 113 93 54 123 8 192 Melee 102 | . . . . 9 31 . 42 . 20 Projectile 5 | . . . . . . . . 1 4 AOE 527 | . . 36 15 104 62 54 81 7 168 Terrain Rammed . | . . . . . . . . . . Walls Destroyed . | . . . . . . . . . . Machines Disabled . | . . . . . . . . . . Actions | -11 -10 -10 -9 -8 -8 -8 -7 -7 -7 --------- Run | Yrd Mat Min Mat Mat Gar Mat Fac Gar Fac Total 9846 | 130 1014 552 872 1096 670 526 3354 685 947 Wait 561 | 1 176 11 77 54 . 17 152 41 32 Move 7913 | 105 743 497 646 842 521 427 2951 475 706 Hop 6 | . . . . . . . 6 . . Pick Up 171 | 6 11 5 25 28 11 9 22 32 22 Fast Attach 53 | 7 5 . 4 4 3 2 9 10 9 Attach 52 | . 1 2 8 11 2 6 13 5 4 Detach 15 | . . . . 1 1 2 6 2 3 Swap 181 | . 6 3 15 37 25 14 41 13 27 Drop 126 | . 8 1 12 23 10 4 27 21 20 Fire 498 | 11 64 33 81 83 36 28 35 61 66 Melee 225 | . . . 1 9 51 16 91 23 34 Ram 3 | . . . 1 . . . . 2 . Kick . | . . . . . . . . . . Crush 7 | . . . 2 4 . 1 . . . Escape Stasis 34 | . . . . . 10 . . . 24 Rewire 1 | . . . . . . . 1 . . Trap . | . . . . . . . . . . Miscellaneous . | . . . . . . . . . . Route ------- -11/Scrapyard -10/Materials (discovered 6 exits: *Mat x3 / [*Min x2] / [*Sub]) -10/Mines (discovered 3 exits: *Mat x2 / [*Sub]) -9/Materials (discovered 2 exits: *Mat x2) -8/Materials (discovered 3 exits: *Fac x2 / Gar) -8/Garrison (discovered 3 exits: *Mat x3) -8/Materials (discovered 3 exits: *Fac x3) -7/Factory (discovered 6 exits: *Fac x2 / *Sto / *Low x2 / Gar) -7/Garrison -7/Factory (discovered 5 exits: Sto x2 / Low x2 / Gar) History --------- Turn | Location | Event 6 | -11/Scrapyard | Discovered new exit (range 16) 218 | -11/Scrapyard | Entered Materials 314 | -10/Materials | Build established: Mutant 352 | -10/Materials | Discovered new exit (range 6) 418 | -10/Materials | Discovered new exit (range 11) 759 | -10/Materials | Discovered new exit (range 7) 904 | -10/Materials | Discovered new exit (range 14) 1296 | -10/Materials | Discovered new exit (range 11) 1314 | -10/Materials | Discovered new exit (range 3) 1318 | -10/Materials | Derelicts attacked the area 1892 | -10/Materials | Entered Mines 1973 | -10/Mines | Discovered new exit (range 10) 1976 | -10/Mines | Received a Rocket Launcher from a helpful Derelict 2337 | -10/Mines | Discovered new exit (range 5) 2444 | -10/Mines | Core integrity fell below 50% 2801 | -10/Mines | Learned Materials trap positions 2947 | -10/Mines | Discovered new exit (range 11) 3095 | -10/Mines | Entered Materials 3095 | -9/Materials | Evolved 2 slots: Propulsion x1, Weapon x1 3096 | -9/Materials | Loaded intel: 15 trap records 3575 | -9/Materials | Build established: Gunner 3992 | -9/Materials | Discovered new exit (range 3) 4708 | -9/Materials | Discovered new exit (range 14) 4878 | -9/Materials | Core integrity fell below 50% 4936 | -9/Materials | Entered another Materials area 4936 | -8/Materials | Evolved 2 slots: Utility x2 5407 | -8/Materials | Build established: Tank 5499 | -8/Materials | Lost 5 parts (1p3n1u) 5558 | -8/Materials | Discovered new exit (range 11) 5718 | -8/Materials | Build established: Scavenger-Tank 6659 | -8/Materials | Discovered new exit (range 15) 6911 | -8/Materials | Garrison activated, responded to threat 6936 | -8/Materials | First assault squad dispatched 7122 | -8/Materials | Destroyed 8 combat bots 7129 | -8/Materials | Identified exit to Garrison 7129 | -8/Materials | Entered Garrison 7231 | -8/Garrison | Triggered checkpoint 7269 | -8/Garrison | Installed Relay Interface Framework 7327 | -8/Garrison | Garrison Relay disabled 7485 | -8/Garrison | Triggered checkpoint 7613 | -8/Garrison | Triggered checkpoint 7634 | -8/Garrison | Garrison Relay disabled 7768 | -8/Garrison | Discovered new exit (range 15) 7960 | -8/Garrison | Garrison Relay disabled 8027 | -8/Garrison | Triggered checkpoint 8129 | -8/Garrison | Discovered new exit (range 15) 8337 | -8/Garrison | Garrison Relay disabled 8411 | -8/Garrison | Discovered new exit (range 15) 8628 | -8/Garrison | Identified exit to Materials 8636 | -8/Garrison | Entered Materials 8636 | -8/Materials | Accompanied by 4 allies 8942 | -8/Materials | Discovered new exit (range 5) 9036 | -8/Materials | First assault squad dispatched 9075 | -8/Materials | Identified exit to Factory 9101 | -8/Materials | Lost 4 allies 9108 | -8/Materials | Learned location of 1 exit from Storage 9144 | -8/Materials | Learned location of 2 exits from Lower Caves 9150 | -8/Materials | Learned location of Zion (-6) 9151 | -8/Materials | Learned Factory emergency access door positions 9152 | -8/Materials | Learned Factory emergency access door positions 9171 | -8/Materials | Learned 2 Storage zone layouts 9433 | -8/Materials | Build established: Bothacker-Mutant 9467 | -8/Materials | Core integrity fell below 50% 9507 | -8/Materials | Lost 3 parts (1n2w) 9810 | -8/Materials | Build established: Scientist-Mutant 9836 | -8/Materials | Entered Factory 9836 | -7/Factory | Accompanied by 3 allies 9836 | -7/Factory | Evolved 2 slots: Propulsion x2 9852 | -7/Factory | Identified exit to DSF 9862 | -7/Factory | Identified exit to Garrison 9879 | -7/Factory | Discovered new exit (range 10) 10038 | -7/Factory | Discovered new exit (range 15) 10130 | -7/Factory | Build established: Sprinter 10236 | -7/Factory | Search patrols dispatched 10436 | -7/Factory | Discovered new exit (range 10) 10460 | -7/Factory | Discovered new exit (range 10) 10473 | -7/Factory | Identified exit to Factory 10543 | -7/Factory | Discovered new exit (range 11) 10598 | -7/Factory | Found Rocket Array 10601 | -7/Factory | Found Rocket Array 10636 | -7/Factory | Search patrols dispatched 10747 | -7/Factory | Fabricated M-13 Machinist (x1) 10749 | -7/Factory | Fabricated A-02 Transporter (x1) 11107 | -7/Factory | Repaired Rocket Array? 11202 | -7/Factory | Cargo convoy interrupted 11206 | -7/Factory | System corruption reached 10% 11212 | -7/Factory | Entered Garrison 11300 | -7/Garrison | Expanded RIF knowledge: Signal Jamming 11412 | -7/Garrison | Triggered checkpoint 11435 | -7/Garrison | Garrison Relay disabled 11592 | -7/Garrison | Triggered checkpoint 11668 | -7/Garrison | Expanded RIF knowledge: Patrol Navigation 11686 | -7/Garrison | Triggered checkpoint 11713 | -7/Garrison | Core integrity fell below 50% 11743 | -7/Garrison | Lost 5 parts (1p3n1w) 11918 | -7/Garrison | Garrison Relay disabled 11977 | -7/Garrison | Discovered new exit (range 10) 11987 | -7/Garrison | Entered Factory 12034 | -7/Factory | Identified exit to Garrison 12091 | -7/Factory | Build established: Scavenger-Mutant 12570 | -7/Factory | Garrison activated, responded to threat 12630 | -7/Factory | Identified exit to Storage 12630 | -7/Factory | Identified exit to Lower Caves 13212 | -7/Factory | Cargo convoy interrupted 13220 | -7/Factory | Core integrity fell below 20% 13236 | -7/Factory | Destroyed by P-60 Hacker with Shock Rifle Last Messages --------------- 13227_ Slug penetrates Wall. 13228_ The unstable cave ceiling collapses. 13229_ System corrupted: Matter fused (-5). 13230_ The unstable cave ceiling collapses. 13230_ Enh. Autogun destroyed. 13231_ The unstable cave ceiling collapses. 13231_ K-01 Serf collects debris. 13232_ H-55 Commando destroyed. 13232_ K-01 Serf destroyed. 13232_ Rocket Array destroyed. 13232_ Destroyed Rocket Array. 13232_ K-01 Serf destroyed. 13232_ A-27 Freighter distress signal jammed. 13233_ Lgt. Treads+ destroyed. 13234_ A-27 Freighter distress signal jammed. 13235_ The unstable cave ceiling collapses. 13236_ A-27 Freighter distress signal jammed. 13236_ Penetrated by Slug. 13236_ Rocket Array destroyed. Map ----- +----------------------------------------------------+ | ?????????????????????????????????????????????????? | | ?????????????????????????????????????????????????? | | ?????????????????????????????????????????????????? | | ?????????????????????????????????????????????????? | | ?????????????????????????????????????????????????? | | ?????????????????????????????????????????????????? | | ?????????????????????????????????????????????????? | | ?????????????????????????????????????????????????? | | ?????????????????????????????????????????????????? | | ?????????????????????????????????????????????????? | | ????????????????????????? ? ?????????????????????? | | ????????????????????? #? ? ?????????????????????? | | ?????????????????? ? " ?????????????????????? | | ???????????????? ? " ?????????????????????? | | ??????????? ? # # ?????????????????????? | | ???????????? ####+#####????????????? | | ?????????????* ???????????? | | ????????????? ???????????? | | ???????????? =% ???????????? | | ????????????? [ ????????????? | | ??????????????? ??????????????? | | ???????????????## # [ * ###?????????????? | | ???????????????# # * [ = ?????????????? | | ???????????????# # % =""" ??????????????? | | ???????????????# !! pmp""" ??????????????? | | ???????????????# !@ h A""" ??????????????? | | ????##????###????# # "??????????? | | ????################# ! = """ ????????? | | ?????# ## " [* """ ??????????????? | | ?????# ### =""G"" *%"""???????????????? | | ?????# #?# ** * #!% ???????????????? | | ?????# ############== ?????????????? | | ?????# # #?? ! ?????????????? | | ?????# # """ """ #??? ????????????? | | ?????# # """ """ #????#####???????????? | | ?????# # """ """ #????????????????????? | | ?????# + #????????????????????? | | ????## # """ """#????????????????????? | | ????## # """ Y"?????????????????????? | | ????## # """ """?????????????????????? | | ?????#######+###### ?????????????????????? | | ??????## ####+######?????????????????????? | | ???????# #??????????????????????? | | ???????# ^^ ??????????????????????? | | ???????# ^ ?????????????????????? | | ???????# ^ ^ ?????????????????????? | | ???????# ! [ ^ ?????????????????????? | | ???????# % ?????????????????????? | | ???????# ?????????????????????? | | ?###???# ## ##### ??????????????????????? | +----------------------------------------------------+ Best States ------------- Heat Dissipation 53 Energy Generation 17 Energy Capacity 300 Matter Stores 300 Matter Capacity 300 Sight Range 16 Terrain Scan Range 16 Terrain Scan Density 85 ECM Strength 2 Jamming Range 12 Base Temperature (-) 100 Armor Coverage 375 Resistance: TH 10 Weapon Shielding 33 Evasion (%) 65 Targeting Accuracy 8 Target Analysis 6 Core Analysis 6 Recoil Reduction 3 Offensive Hacking 10 Relay Coupler Types 2 Relay Coupler Value 46 Authchip Count 4 Item Schematics ----------------- Plasma Cutter | -9/Materials | Hacked Imp. Cesium-ion Thruster | -8/Materials | Scanalyzed Med. Armor Plating | -8/Materials | Scanalyzed Hacking Suite | -8/Materials | Scanalyzed Rocket Launcher | -8/Materials | Scanalyzed Robot Schematics ------------------ M-13 Machinist | -9/Materials | Hacked A-02 Transporter | -9/Materials | Hacked P-60 Hacker | -7/Factory | Hacked Fabricated ------------ M-13 Machinist | x1 | -7/Factory A-02 Transporter | x1 | -7/Factory Repaired ---------- Rocket Array | 62% | -7/Factory Studied --------- Lgt. Treads | -9/Materials | Hacked Imp. Grenade Launcher | -8/Materials | Hacked Shock Rifle | -8/Materials | Hacked EM Pulse Cannon | -8/Materials | Hacked Arm. Treads | -8/Materials | Hacked Grenade Launcher | -8/Materials | Hacked Autogun | -8/Materials | Hacked Minigun | -8/Materials | Hacked Rocket Launcher | -8/Materials | Hacked Datajack | -8/Materials | Hacked Hvy. Assault Rifle | -8/Materials | Hacked Imp. Datajack | -8/Materials | Hacked Remote Datajack | -7/Factory | Hacked Alien Tech Used ----------------- None Achievements -------------- Suspicious Challenges ------------ None Game ------ Seed StructuralAmuletArchive Manual? 0 Play Time 02:33:22 Cumulative 348.6 hours Start 2025.11.01 @ 20:26:56 End 2025.11.01 @ 23:08:15 Sessions 1 Manual Loads 0 Difficulty Rogue Special Mode None Game No. 172 Rogue 164 Adventurer 8 Explorer 0 Win Type - Total 22 Types 12/0/4/2/0/1/1/0/1/1 Lore% 89 Gallery% 88 Achievement% 65 Wizard Run 0 Options --------- Layout 2 ASCII 0 Keyboard 1 Movement Numpad Keybinds 1 Fullscreen 1 Font 24/Smallcaps Map View 50x44 Zoom Use 0% Tactical HUD 1 Map Filters NONE Filters NONE Steam 1 RUN: 74a7ad2c-1799-4a16-9da8-7cac6f149d15